 Dungeon Crawl Stone Soup version 0.23.0-3-gf3c87f2 (webtiles) character file.

Game seed: 3751300496746077387

5423 ohad the Martial Artist (level 10, -2/82 HPs)
             Began as an Octopode Transmuter on Feb 20, 2019.
             Was an Initiate of Gozag.
             Slain by a spriggan
             ... wielding a +0 trident
              (9 damage)
             ... on level 9 of the Dungeon.
             The game lasted 00:24:21 (9289 turns).

ohad the Martial Artist (Octopode Transmuter)       Turns: 9289, Time: 00:24:21

Health: -2/82      AC:  6    Str: 12    XL:     10   Next: 67%
Magic:  16/16      EV: 19    Int: 21    God:    Gozag
Gold:   1269       SH:  0    Dex: 19    Spells: 3/18 levels left

rFire    x . .     SeeInvis +     - Unarmed
rCold    + + +     Gourm    .   (shield currently unavailable)
rNeg     . . .     Faith    .   (helmet currently unavailable)
rPois    +         Spirit   .   (no amulet)
rElec    .         Reflect  .   f - +3 ring of intelligence
rCorr    .         Harm     .   b - ring of protection from magic
MR       +....     Clarity  +   s - ring of see invisible
Stlth    ++........             r - +4 ring of dexterity
HPRegen  0.23/turn              D - +5 ring of evasion
MPRegen  0.15/turn              B - +2 ring of dexterity
                                (no ring)
                                (no ring)

@: ice-form
A: large, almost no armour, stealthy swim, amphibious, 8 rings, (constrict 8),
clarity, strong 1
a: End Transformation, Potion Petition, Call Merchant, Bribe Branch, Renounce
Religion


You were on level 9 of the Dungeon.
You worshipped Gozag.
Gozag was most pleased with you.
You were not hungry.
You were a creature of crystalline ice.
You visited 2 branches of the dungeon, and saw 10 of its levels.

You collected 1397 gold pieces.
You paid 128 gold pieces to Gozag.

Inventory:

Hand Weapons
 C - the +8 quarterstaff "Muuteh" {crush, *Contam Fragile rN+ Str+4 SInv, unknown}
   (You found it on level 4 of the Dungeon)

   It inflicts extra damage upon your enemies.
   It affects your strength (+4).
   It protects you from negative energy.
   It lets you see invisible.
   It causes magical contamination when unequipped.
   It will be destroyed if unequipped.
 E - a +3 dagger of venom
Missiles
 a - 147 arrows
 k - 37 poisoned needles
Jewellery
 b - a ring of protection from magic (right front paw)
 f - a +3 ring of intelligence (left front paw)
 r - a +4 ring of dexterity (on tentacle)
 s - a ring of see invisible (on tentacle)
 z - the ring of the Fool {rF- Str+9 Int-3 Dex+3 Stlth-}
   (You found it on level 4 of the Dungeon)

   [ring of attention]

   It affects your strength (+9).
   It affects your intelligence (-3).
   It affects your dexterity (+3).
   It makes you vulnerable to fire.
   It makes you less stealthy.
 B - a +2 ring of dexterity (on tentacle)
 D - a +5 ring of evasion (on tentacle)
Wands
 j - a wand of digging (5)
 q - a wand of flame (20)
 x - a wand of enslavement (4)
 y - a wand of clouds (6)
Scrolls
 h - 2 scrolls of enchant weapon
 i - a scroll of teleportation {unknown}
 m - a scroll of fog
 n - 3 scrolls of magic mapping
 p - 3 scrolls of remove curse
 u - a scroll of fear
 w - a scroll of blinking
 A - a scroll of amnesia
 G - a scroll of enchant armour {unknown}
Potions
 d - 2 potions of cancellation
 e - a potion of agility
 g - 3 potions of flight
 l - a potion of brilliance
 o - 3 potions of lignification
 t - 2 potions of degeneration
 v - a potion of curing {unknown}
 F - 2 potions of ambrosia
Comestibles
 c - 17 rations


   Skills:
 * Level 6.3 Fighting
 * Level 6.5 Dodging
 - Level 2.4 Stealth
 + Level 10.2 Unarmed Combat
 - Level 4.5 Spellcasting
 - Level 5.0 Transmutations
 - Level 4.5 Ice Magic


You had 3 spell levels left.
You knew the following spells:

 Your Spells              Type           Power        Failure   Level  Hunger
a - Beastly Appendage     Tmut           ####..       1%          1    None
b - Sticks to Snakes      Tmut           ####....     2%          2    #......
c - Spider Form           Tmut/Pois      ###.......   12%         3    ##.....
d - Ice Form              Ice/Tmut       ###.....     16%         4    ####...
e - Blade Hands           Tmut           ####......   36%         5    ######.

Your spell library contained the following spells:

 Spells                   Type           Power        Failure   Level  Hunger


Dungeon Overview and Level Annotations

Branches:
Dungeon (9/15)             Temple (1/1) D:5
   Lair: D:8-11         Orc: D:9-12

Altars:
Ashenzari
Dithmenos
Elyvilon
Fedhas
Gozag
Hepliaklqana
Kikubaaqudgha
Nemelex Xobeh
Okawaru
Ru
Sif Muna
Trog
Uskayaw
Vehumet
Wu Jian
Yredelemnul
Zin
The Shining One

Shops:
D:9 (

Annotations:
D:9 Inarius's ghost, novice NaNe


Innate Abilities, Weirdness & Mutations

You cannot wear most types of armour.
You are very stealthy in the water. (Stealth+)
You are amphibious.
You can wear up to eight rings at the same time.
((You can use your tentacles to constrict eight enemies at once.))
((Your skin changes colour to match your surroundings (Stealth+).))
((Your rubbery body absorbs attacks. (AC +1, EV +1)))
You possess an exceptional clarity of mind.
Your muscles are strong. (Str +2)


Message History

Unknown command.
As you read the scroll labeled POACUE TAZOWN, it crumbles to dust.
You assume a fearsome visage.
The spriggan looks frightened! x2
It was a scroll of fear.
Cornered, the spriggan turns to fight!
Unknown command.
The spriggan hits you from afar with a +0 trident.
* * * LOW HITPOINT WARNING * * *
The spriggan closely misses you.
The spriggan hits you but does no damage.
The spriggan completely misses you.
The spriggan seems to regain its courage.
There is an open door here.
The spriggan closely misses you. The spriggan barely misses you.
The spriggan closely misses you. The spriggan completely misses you.
The spriggan hits you from afar with a +0 trident!
* * * LOW HITPOINT WARNING * * *
The spriggan hits you from afar with a +0 trident!
You die...
Your body crumbles into a pile of gold.

##############
#............#
#............# ####
#......i.Y..<#
...#####......i.....#
##.##..'.h..........#
......##............#
.#.#####............#
.#.# #............#
#### ####'######### #
#..# # ##.#


You could see a black bear (wandering) and 2 spriggans.

Vanquished Creatures
  Pikel (D:8)
  The ghost of Lavandula the Ruffian, a novice TrWn (D:4)
  Joseph (D:7)
  A hippogriff (D:9)
  3 yaks (D:9)
  Menkaure (D:7)
  A black bear (D:8)
  Duvessa (D:6)
  2 slaves (D:8)
  2 phantoms
  2 orc warriors
  2 sky beasts
  2 ice beasts
  2 ogres
  A centaur (D:9)
  2 big kobolds
  2 bullfrogs
  Dowan (D:6)
  A wyvern skeleton (D:7)
  A scorpion (D:5)
  4 killer bees (D:9)
  12 wights
  A howler monkey (D:5)
  2 crimson imps
  5 centaur zombies
  3 hounds
  3 orc priests
  A jelly (D:9)
  A gnoll shaman (D:6)
  7 orc wizards
  A bullfrog skeleton (D:7)
  Jessica (D:2)
  Ijyb (D:4)
  An iguana (D:6)
  3 worker ants
  Natasha (thrice) (D:2)
  A hound zombie (D:5)
  A hound skeleton (D:9)
  3 worker ant zombies
  17 gnolls
  9 adders
  An ooze (D:1)
  2 adder zombies
  3 dart slugs
  3 leopard geckos
  27 orcs
  6 ball pythons
  4 giant cockroaches
  12 goblins
  8 hobgoblins
  2 jackals (D:3)
  2 quokkas
  7 bats
  5 frilled lizards
  12 kobolds
  2 rats (D:2)
206 creatures vanquished.

Vanquished Creatures (others)
  An ice beast (D:8)
  2 fungi (D:9)
  4 plants (D:9)
7 creatures vanquished.

Grand Total: 213 creatures vanquished

Notes
Turn   | Place    | Note
-------+----------+-------------------------------------------
     0 | D:1      | ohad the Octopode Transmuter began the quest for the Orb.
     0 | D:1      | Reached XP level 1. HP: 13/13 MP: 3/3
    43 | D:1      | Reached XP level 2. HP: 12/18 MP: 3/5
   323 | D:1      | Reached XP level 3. HP: 17/23 MP: 4/6
   832 | D:2      | Noticed Jessica
   834 | D:2      | Noticed Natasha
   846 | D:2      | Learned a level 2 spell: Sticks to Snakes
   850 | D:2      | Learned a level 3 spell: Spider Form
   863 | D:2      | Killed Natasha
   863 | D:2      | Reached XP level 4. HP: 28/28 MP: 3/7
   868 | D:2      | Killed Jessica
  1243 | D:2      | Noticed Natasha
  1250 | D:2      | Killed Natasha
  1250 | D:2      | Reached XP level 5. HP: 18/33 MP: 4/8
  1434 | D:2      | Noticed Natasha
  1445 | D:2      | Killed Natasha
  2915 | D:4      | Noticed Ijyb
  2925 | D:4      | Killed Ijyb
  2925 | D:4      | Reached XP level 6. HP: 34/38 MP: 3/9
  3122 | D:4      | Found a runed translucent gate.
  3123 | D:4      | Found a runed translucent gate.
  3123 | D:4      | Found an opulent altar of Gozag.
  3124 | D:4      | Found a runed translucent gate.
  3136 | D:4      | Reached skill level 5 in Transmutations
  3158 | D:4      | Noticed Lavandula's ghost (novice TrWn)
  3164 | D:4      | Learned a level 4 spell: Ice Form
  3379 | D:4      | Got a scorched quarterstaff
  3382 | D:4      | Noticed a phantom
  3396 | D:4      | Killed a phantom
  3525 | D:4      | Got a clouded bronze ring
  4058 | D:5      | Entered Level 5 of the Dungeon
  4094 | D:5      | Reached XP level 7. HP: 39/43 MP: 4/10
  4568 | D:5      | Reached skill level 4 in Unarmed Combat
  4576 | D:5      | HP: 1/76 [orc wizard/+0 dagger (3)]
  5032 | D:5      | Identified the ring of the Fool {rF- Str+9 Int-3 Dex+3
                  | Stlth-} (You found it on level 4 of the Dungeon)
  5068 | D:5      | Found a staircase to the Ecumenical Temple.
  5075 | Temple   | Entered the Ecumenical Temple
  5181 | Temple   | Became a worshipper of Gozag Ym Sagoz the Greedy
  5609 | D:6      | Found a hazy altar of Hepliaklqana.
  5766 | D:6      | Reached XP level 8. HP: 48/48 MP: 6/11
  5790 | D:6      | Noticed Dowan
  5791 | D:6      | Noticed Duvessa
  5802 | D:6      | Killed Duvessa
  5809 | D:6      | Killed Dowan
  5967 | D:4      | Killed Lavandula's ghost
  6308 | D:6      | You fall through a shaft for 3 floors!
  6366 | D:9      | Noticed a yak
  6366 | D:9      | Noticed a yak
  6366 | D:9      | Noticed a yak
  6383 | D:9      | Gained mutation: You possess an exceptional clarity of
                  | mind. [potion of mutation]
  6383 | D:9      | Gained mutation: Your muscles are strong. (Str +2) [potion
                  | of mutation]
  6389 | D:9      | Killed a yak
  6393 | D:9      | Killed a yak
  6393 | D:9      | Reached XP level 9. HP: 55/59 MP: 12/12
  6399 | D:9      | Reached skill level 5 in Fighting
  6500 | D:9      | Found a runed translucent door.
  6503 | D:9      | Noticed Inarius's ghost (novice NaNe)
  6508 | D:9      | Identified the cursed +3 trident "Baulidip" {pierce, rPois
                  | Str+6 Int+2 Stlth+}
  6558 | D:7      | Noticed Menkaure
  6563 | D:7      | Killed Menkaure
  6706 | D:7      | Reached skill level 5 in Unarmed Combat
  6821 | D:7      | Noticed Joseph
  6866 | D:7      | Reached skill level 6 in Unarmed Combat
  6906 | D:7      | Killed Joseph
  6906 | D:7      | Reached skill level 7 in Unarmed Combat
  7797 | D:8      | Noticed Pikel
  7818 | D:8      | Killed Pikel
  7818 | D:8      | Reached skill level 8 in Unarmed Combat
  7818 | D:8      | Reached XP level 10. HP: 68/68 MP: 8/13
  7852 | D:8      | Reached skill level 9 in Unarmed Combat
  8397 | D:8      | Reached skill level 10 in Unarmed Combat
  8504 | D:8      | Found a blossoming altar of Fedhas.
  8504 | D:8      | Found a radiant altar of Vehumet.
  8509 | D:8      | Found a faded altar of an unknown god.
  8511 | D:8      | Found a faded altar of an unknown god.
  8513 | D:8      | Found a glowing silver altar of Zin.
  8648 | D:9      | Found Beseig's Antique Weapon Boutique.
  8723 | D:9      | Learned a level 5 spell: Blade Hands
  9289 | D:9      | Slain by a spriggan

Skill      XL: |  1  2  3  4  5  6  7  8  9 10 |
---------------+-------------------------------+-----
Stealth        | 2 |  2.4
Transmutations | 3 4 5 |  5.0
Ice Magic      | 3 4 |  4.5
Unarmed Combat | 4 8 10 | 10.2
Dodging        | 3 6 |  6.5
Fighting       | 4 6 |  6.3
Spellcasting   | 4 |  4.5

Action                   |  1- 3 |  4- 6 |  7- 9 | 10-12 || total
-------------------------+-------+-------+-------+-------++-------
Melee: Unarmed           |    57 |   153 |   214 |   149 ||   573
       Constrict         |    14 |    24 |     7 |     1 ||    46
       Tentacles         |     7 |    11 |     2 |       ||    20
       Kick              |     3 |     5 |     1 |       ||     9
       Punch             |       |     1 |     2 |       ||     3
 Cast: Beastly Appendage |     9 |     6 |     1 |       ||    16
       Spider Form       |     1 |    12 |     1 |       ||    14
       Sticks to Snakes  |       |     2 |       |       ||     2
       Ice Form          |       |     1 |    20 |    10 ||    31
Invok: Potion Petition   |       |       |     1 |       ||     1
 Abil: End Transformatio |       |       |     1 |       ||     1
  Use: Scroll            |       |     4 |     3 |     6 ||    13
       Potion            |       |     1 |     9 |       ||    10
 Stab: Sleeping          |     2 |     7 |     4 |     2 ||    15
       Distracted        |       |       |     1 |     2 ||     3
  Eat: Chunk             |       |    12 |     3 |       ||    15
       Ration            |       |       |     4 |     2 ||     6
Armor: Skin              |     6 |    17 |    32 |    12 ||    67
Dodge: Dodged            |    30 |   122 |   182 |   132 ||   466
